 Dungeon Crawl Stone Soup version 0.17-a0-2098-gf59d6bc (webtiles) character file.

240 septik the Caller (level 5, -1/35 HPs)
             Began as a Mummy Wizard on Oct 17, 2015.
             Slain by Menkaure (16 damage)
             ... on level 4 of the Dungeon.
             The game lasted 00:24:34 (6195 turns).

septik the Caller (Mummy Wizard)                    Turns: 6195, Time: 00:24:34

Health: -1/35      AC:  3    Str: 10    XL:     5   Next: 79%
Magic:  2/19       EV: 12    Int: 18    God:
Gold:   101        SH:  0    Dex: 11    Spells: 2 memorised, 8 levels left

rFire  x . .     SeeInvis .     l - +2 quarterstaff (drain)
rCold  + . .     Clarity  .     a - +0 robe
rNeg   + + +     SustAt   .     (no shield)
rPois  ∞         Gourm    .     b - +0 hat
rElec  .         Spirit   .     (no cloak)
rCorr  .         Warding  .     k - +0 pair of gloves
rMut   .         Stasis   .     (no boots)
MR     .....                    (no amulet)
Stlth  ++........               (no ring)
                                j - ring of magical power

@: very slightly contaminated, not resistant to hostile enchantments, unstealthy
A: no food or potions, fire vulnerability, cold resistance 1, negative energy
resistance 3, torment resistance, unbreathing
a: no special abilities


You were on level 4 of the Dungeon.
You were not hungry.

You visited 1 branch of the dungeon, and saw 4 of its levels.

You collected 101 gold pieces.

Inventory:

Hand Weapons
 d - a +0 whip
 f - a +1 whip of electrocution
 l - a +2 quarterstaff of draining (weapon)
Missiles
 i - 159 stones (quivered)
Armour
 a - a +0 robe (worn)
 b - a +0 hat (worn)
 k - a +0 pair of gloves (worn)
Jewellery
 j - a ring of magical power (left hand)
Scrolls
 e - a scroll of enchant armour {unknown}
 g - 4 scrolls of identify {unknown}
 h - 4 scrolls of remove curse {unknown}
 m - 2 scrolls of fear {unknown}
 n - a scroll of immolation {unknown}
 o - a scroll of fog {unknown}
Books
 c - a book of Minor Magic

   Spells                             Type                      Level
   a - Magic Dart                     Conjuration                  1
   b - Blink                          Translocation                2
   c - Call Imp                       Summoning                    2
   d - Repel Missiles                 Charms/Air                   2
   e - Slow                           Hexes                        2
   f - Conjure Flame                  Conjuration/Fire             3
   g - Mephitic Cloud                 Conjuration/Poison/Air       3


   Skills:
 - Level 1.5 Dodging
 - Level 1.5 Stealth
 - Level 3.8 Spellcasting
 - Level 0.7 Conjurations
 * Level 4.3 Summonings
   Level 0.7 Translocations


You had 8 spell levels left.
You knew the following spells:

 Your Spells              Type           Power        Failure   Level  Hunger
a - Magic Dart            Conj           #...         12%         1    N/A
b - Call Imp              Summ           ###.....     4%          2    N/A

Dungeon Overview and Level Annotations

Branches:
Dungeon (4/15)
 Temple: D:4-7

Altars:
Gozag
Okawaru
The Shining One

Shops:
D:2 *

Annotations:
D:4 Menkaure


Innate Abilities, Weirdness & Mutations

You do not eat or drink.
Your flesh is vulnerable to fire.
You are immune to poison.
Your flesh is cold resistant.
You are immune to negative energy.
You are immune to unholy pain and torment.
You can survive without breathing.


Message History

Confirm with . or Enter, or press ? or * to list all spells.
A beastly little devil appears in a puff of frigid air.
Menkaure hits you!!
Ouch! That really hurt!
Casting: Call Imp
Confirm with . or Enter, or press ? or * to list all spells.
A beastly little devil appears in a puff of flame.
Menkaure hits you.
Your white imp hits Menkaure.
Your white imp freezes Menkaure.
Menkaure resists.
Casting: Call Imp
Confirm with . or Enter, or press ? or * to list all spells.
You miscast Call Imp.
You are very lightly contaminated with residual magic.
Your head hurts.
Menkaure barely misses you.
Casting: Call Imp
Confirm with . or Enter, or press ? or * to list all spells.
A beastly little devil appears in a puff of flame.
Your white imp disappears in a puff of smoke!
Menkaure closely misses you. Menkaure hits you!
You die...

######.##
#<......#
+.....!.+
####..###
##..###.##
+.........
#.#####.##
.############'####
.......@M5.......+
.......5..§......#
........5..5>....#
$.##.##..###'#####
. #.##..###§.### .
+.....'....+ #
####.##.####
.#####.##5#####
.........'.....#


You could see Menkaure, 3 friendly crimson imps and a friendly white imp.

Vanquished Creatures
  3 bats (D:1)
  2 giant cockroaches (D:1)
  A hobgoblin (D:1)
  3 kobolds (D:1)
  A ball python (D:1)
  A giant newt (D:2)
  3 goblins
  4 rats
18 creatures vanquished.

Vanquished Creatures (collateral kills)
  Sigmund (D:4)
  The ghost of Ohli the Skirmisher, an amateur DsBe of Trog (D:3)
  A hound (D:4)
  A gnoll (D:1)
  8 adders
  A worm (D:3)
  5 giant geckos
  An orc (D:3)
  3 ball pythons
  6 bats
  4 giant cockroaches
  4 hobgoblins
  6 kobolds
  3 quokkas
  2 giant newts (D:2)
  4 goblins
  6 jackals
  6 rats
63 creatures vanquished.

Grand Total: 81 creatures vanquished

Notes
Turn   | Place    | Note
--------------------------------------------------------------
     0 | D:1      | septik the Mummy Wizard began the quest for the Orb.
     0 | D:1      | Reached XP level 1. HP: 13/13 MP: 4/4
   345 | D:1      | Reached XP level 2. HP: 17/19 MP: 4/6
   480 | D:1      | Learned a level 2 spell: Call Imp
   688 | D:1      | Reached skill level 1 in Summonings
  1281 | D:1      | Reached XP level 3. HP: 21/24 MP: 8/8
  2269 | D:2      | Found Gozag's Platinum Reserve.
  2924 | D:2      | Reached XP level 4. HP: 13/30 MP: 3/9
  3631 | D:2      | Found an opulent altar of Gozag.
  3750 | D:3      | Noticed Sigmund
  4891 | D:3      | Noticed Ohli's ghost (amateur DsBe)
  4928 | D:3      | Killed Ohli's ghost
  5192 | D:3      | Reached XP level 5. HP: 35/35 MP: 7/10
  5385 | D:3      | Found an iron altar of Okawaru.
  5394 | D:3      | Became a worshipper of Warmaster Okawaru
  5598 | D:3      | Found a glowing golden altar of the Shining One.
  6045 | D:4      | Killed Sigmund
  6045 | D:4      | Reached * piety under Okawaru
  6045 | D:4      | Reached skill level 4 in Summonings
  6046 | D:4      | Fell from the grace of Okawaru
  6166 | D:4      | Noticed Menkaure
  6195 | D:4      | Slain by Menkaure

Vault maps used:
D:1:      tarquinn_simple_flora_water_f
D:2:      nicolae_gozag_zags_fifth_avenue
D:3:      old_standard_altar, okawaru_trees_1, first_bread, minmay_door_square,
          uniq_sigmund
D:4:      serial_shops, nicolae_shop_stone, uniq_menkaure, uniq_pikel

Action                   |  1- 3 |  4- 6 || total
-------------------------+-------+-------++-------
Melee: Whip              |    36 |       ||    36
 Cast: Magic Dart        |    26 |       ||    26
       Call Imp          |   105 |   139 ||   244
Invok: Renounce Religion |       |     1 ||     1
